 Dungeon Crawl Stone Soup version 0.27-a0-705-ga0013940fb (webtiles) character file.

Game seed: 2767974709829209433

49 tilp the Cudgeller (level 3, -7/36 HPs)
             Began as an Ogre Warper on Mar 22, 2021.
             Mangled by a gnoll
             ... wielding a +0 halberd
              (15 damage)
             ... on level 2 of the Dungeon.
             The game lasted 00:03:36 (2232 turns).

tilp the Cudgeller (Ogre Warper)                    Turns: 2232, Time: 00:03:37

Health: -7/36      AC:  3    Str: 15    XL:     3   Next: 77%
Magic:  6/6        EV:  9    Int: 15    God:
Gold:   90         SH:  0    Dex:  8    Spells: 4/6 levels left

rFire    . . .     SeeInvis .   a - +0 mace
rCold    . . .     Faith    .   (no shield)
rNeg     . . .     Spirit   .   b - +0 robe
rPois    .         Reflect  .   (helmet restricted)
rElec    .         Harm     .   (no cloak)
rCorr    .         Rampage  .   (gloves unavailable)
Will     .....                  (boots unavailable)
Stlth    +.........             (no amulet)
HPRegen  0.12/turn              (no ring)
MPRegen  0.10/turn              (no ring)

@: no status effects
A: large, unfitting armour, tough skin 1
a: no special abilities


You were on level 2 of the Dungeon.
You visited 1 branch of the dungeon, and saw 2 of its levels.

You collected 90 gold pieces.

Inventory:

Hand Weapons
 a - a +0 mace (weapon)
Missiles
 e - 5 boomerangs of dispersal (quivered)
Armour
 b - a +0 robe (worn)
Scrolls
 d - a scroll of blinking
 g - a scroll of amnesia {unknown}
 h - a scroll of vulnerability {unknown}
Potions
 c - 2 potions of berserk rage {unknown}
 f - a potion of heal wounds {unknown}


   Skills:
 - Level 2.6 Fighting
 + Level 3.6 Maces & Flails
 - Level 1.0 Throwing
 - Level 2.1 Dodging
 - Level 2.4 Spellcasting
 - Level 2.6 Translocations


You had 4 spell levels left.
You knew the following spells:

 Your Spells              Type           Power      Damage    Failure   Level
a - Blink                 Tloc           N/A        N/A       11%         2

Your spell library contained the following spells:

 Spells                   Type           Power      Damage    Failure   Level
 Gell's Gravitas          Tloc           4%         N/A       22%         3
 Lesser Beckoning         Tloc           4%         N/A       22%         3
 Teleport Other           Tloc           9%         N/A       22%         3
 Manifold Assault         Tloc           9%         N/A       56%         4


Dungeon Overview and Level Annotations

Branches:
Dungeon (2/15)

Altars:
Elyvilon
Qazlal

Annotations:
D:2 1 runed translucent door, Crazy Yiuf, Sigmund


Innate Abilities, Weirdness & Mutations

You are too large for most types of armour.
You have tough skin. (AC +1)


Message History

You sock the worm!
You kill the worm!
You sock the rat!
You kill the rat!
You barely miss the rat. The rat bites you.
* * * LOW HITPOINT WARNING * * *
You sock the rat!
You kill the rat!
Things that are here:
a rat corpse; a worm corpse
h - a scroll labelled ERUORASEAF
Things that are here:
a +0 club; a goblin corpse The gnoll shouts!
You hear a shout!
A gnoll is nearby!
There is a stone staircase leading up here.
You climb upwards.
There is a stone staircase leading down here.
You start resting.
HP restored.
You climb downwards.
Level annotation: 1 runed translucent door, Crazy Yiuf, Sigmund
There is a stone staircase leading up here.
The gnoll hits you from afar with a +0 halberd!
The gnoll closely misses you.
You sock the gnoll!
The gnoll is heavily wounded.
The gnoll closely misses you.
You barely miss the gnoll.
The gnoll is heavily wounded.
The gnoll hits you with a +0 halberd.
You barely miss the gnoll.
The gnoll is heavily wounded.
The gnoll hits you with a +0 halberd.
You barely miss the gnoll.
The gnoll is heavily wounded.
The gnoll hits you with a +0 halberd!
* * * LOW HITPOINT WARNING * * *
The gnoll hits you with a +0 halberd!
You die...

#############
#............
#.≈≈.P♣♣♣P.≈≈
#.≈≈......P≈≈
########.)P.♣♣.♣♣PP.
#..@g....P.♣♣P.P♣♣.P
#<######.♣.♣P...P♣.♣
##########.#
#.♣...._...P♣
#..........#
#.♣.♣.....♣.♣
#..#######.###
#.P.♣♣P.P♣♣.P
#....§.≈.....#
##...P♣♣.♣♣PP.
#....≈≈≈≈....#
#..≈≈......P≈≈
#.....≈≈≈≈...#
#.g≈≈.P♣♣♣..≈≈
#.≈.####≈#...#
#...#.## #####


You could see a gnoll.

Vanquished Creatures
  A worm (D:2)
  A dart slug (D:1)
  4 ball pythons
  5 goblins
  4 hobgoblins
  4 jackals (D:1)
  5 oozes
  A quokka (D:1)
  3 bats
  5 frilled lizards
  A kobold (D:1)
  8 rats
42 creatures vanquished.

Vanquished Creatures (others)
  A butterfly (D:2)
1 creature vanquished.

Grand Total: 43 creatures vanquished

Notes
Turn   | Place    | Note
-------+----------+-------------------------------------------
     0 | D:1      | tilp the Ogre Warper began the quest for the Orb.
     0 | D:1      | Reached XP level 1. HP: 22/22 MP: 3/3
    76 | D:1      | Reached skill level 2 in Maces & Flails
   213 | D:1      | Reached XP level 2. HP: 21/29 MP: 5/5
   332 | D:1      | Learned a level 2 spell: Blink
   564 | D:1      | Reached skill level 3 in Maces & Flails
   721 | D:1      | Reached XP level 3. HP: 27/36 MP: 6/6
  1316 | D:2      | Found a stormy altar of Qazlal.
  1462 | D:2      | Found a white marble altar of Elyvilon.
  1669 | D:2      | Found a runed translucent door.
  1670 | D:2      | Noticed Crazy Yiuf
  1846 | D:2      | Noticed Sigmund
  2232 | D:2      | Mangled by a gnoll

Illustrated notes

Levels and vault maps discovered:
D:1:      nzn_arrival_crosshair, layout_rooms, serial_co_window_serial,
          co_window_corner_a, co_window_paths_a, co_window_paths_b,
          co_window_paths_b, co_window_of_opportunity_a,
          co_window_of_opportunity_b, co_window_unsneaky_path_a,
          co_window_of_opportunity_c, co_window_cross_3, co_window_paths_c,
          co_window_4corner_b, glass_columns_c, glass_columns_b,
          glass_columns_b, minmay_pentomino_p4
D:2:      layout_loops_ring, lemuel_doored_altar, lightli_temple_of_fire,
          overflow_temple_1_default, nicolae_qazlal_general_emergency,
          nicolae_elyvilon_peaceful_grove, st_stairs_8,
          hangedman_decor_clover_reticule, uniq_crazy_yiuf_cottage, uniq_sigmund

Skill      XL: |  1  2 |
---------------+-------+-----
Maces & Flails | 2 3 |  3.6
Fighting       | |  2.6
Throwing       | |  1.0
Dodging        | |  2.1
Spellcasting   | |  2.4
Translocations | |  2.6

Action                   || total
-------------------------++-------
Melee: Mace              ||   142
Armor: Robe              ||    42
Dodge: Dodged            ||    61

Table legend: (Time is in decaauts)
 A = Elapsed time spent in this place.
 B = Non-inter-level travel time spent in this place.
 C = Inter-level travel time spent in this place.
 D = Time resting spent in this place.
 E = Time spent auto-exploring this place.
 F = Levels seen in this place.
 G = Mean time per level.
                   A        B        C        D        E       F      G
               +--------+--------+--------+--------+--------+-----+--------+
         Total |   2275 |   2029 |    246 |    261 |   1297 |   2 | 1137.5 |
       Dungeon |   2275 |   2029 |    246 |    261 |   1297 |   2 | 1137.5 |
               +--------+--------+--------+--------+--------+-----+--------+

Top non-repeatable levels by time:
     D:1: 1700 daAuts
     D:2: 574 daAuts
